Map: Arctic Dream LE

Players

Massa

  • Race: Terran Terran
  • League: Platinum
  • Spawn Location: 11:00

qqq

  • Race: Zerg Zerg
  • League: Platinum
  • Spawn Location: 12:00

dawciobiel - Winner!

  • Race: Terran Terran
  • Spawn Location: 5:00

SangSom - Winner!

  • Race: Zerg Zerg
  • League: Diamond
  • Spawn Location: 6:00

VOD

Have the link to the VOD?

Description

Time

  • Played on: Jan. 14, 2021, 6:01 a.m.
  • Length: 12:45
Show
View Real Time Build Order
Export as new Build Order

Massa Terran 

Build Orders:  

Get SALT Encoding   

  12  0:00  SCV  
  13  0:12  SCV  
  14  0:19  Supply Depot  
  14  0:24  SCV  
  15  0:40  SCV  
  15  0:41  Barracks  
  16  0:50  Refinery  
  16  0:53  SCV  
  17  1:08  SCV  
  18  1:23  Barracks x2  
  18  1:29  Orbital Command  
  18  1:48  Marine  
  19  1:56  Supply Depot  
  19  1:57  SCV  
  20  2:14  SCV  
  21  2:30  Command Center  
  21  2:32  Barracks Reactor, Barracks Tech Lab  
  21  2:33  Marine  
  22  2:46  SCV  
  22  2:50  Supply Depot  
  23  2:52  Stimpack  
  23  2:53  Marauder  
  23  2:55  Marine  
  26  2:58  SCV  
  27  3:08  Marine  
  27  3:09  Marine  
  29  3:13  Marine  
  29  3:15  Marauder  
  32  3:20  Supply Depot  
  32  3:26  Marine x2  
  34  3:30  Marine  
  35  3:34  Supply Depot  
  35  3:36  Marauder  
  35  3:38  SCV  
  38  3:44  Marine  
  39  3:50  Marine  
  40  3:57  Marine  
  40  3:58  Marauder  
  43  4:12  Marine x2  
  43  4:14  Marine  
  46  4:18  SCV  
  46  4:19  Marauder  
  49  4:30  Marine x2  
  51  4:32  Orbital Command  
  51  4:33  SCV  
  52  4:40  Marauder  
  52  4:42  Marine  
  55  4:48  Marine  
  49  5:02  Marauder  
  49  5:04  Marine x2  
  37  5:23  Marauder  
  37  5:27  Factory  
  37  5:28  Refinery  
  39  5:29  SCV x2  
  39  5:30  Engineering Bay  
  39  5:35  Refinery, Marine  
  41  5:36  Marine  
  41  5:41  SCV  
  41  5:42  SCV  
  43  5:44  Marauder  
  45  5:54  SCV x2  
  45  5:55  Marine x2  
  49  6:02  Barracks Tech Lab  
  49  6:06  SCV x2, Marauder  
  53  6:14  Factory Tech Lab, Missile Turret  
  53  6:18  SCV x2  
  54  6:27  Marauder  
  52  6:46  Missile Turret  
  55  6:47  Siege Tank  
  55  6:48  Sensor Tower  
  55  6:49  Marauder  
  57  6:54  SCV x2  
  57  7:01  Command Center  
  59  7:02  Marauder, Marine x2  
  59  7:03  Barracks  
  59  7:06  SCV x2  
  65  7:09  Refinery  
  65  7:10  Marauder, Missile Turret  
  65  7:13  Armory  
  67  7:18  SCV  
  67  7:19  SCV, Marine, Combat Shield  
  70  7:30  Supply Depot  
  70  7:32  Supply Depot  
  70  7:36  Supply Depot  
  70  7:51  Marine  
  70  7:52  Marauder, Siege Tank  
  70  7:54  SCV x2  
  70  7:57  Supply Depot  
  78  7:59  Supply Depot  
  78  8:01  Concussive Shells  
  78  8:02  Marauder, Marine  
  81  8:06  SCV x2  
  81  8:08  Barracks Reactor  
  83  8:13  Marauder  
  85  8:20  SCV x2  
  85  8:24  Marauder  
  89  8:27  Smart Servos  
  89  8:28  Siege Tank  
  89  8:32  SCV x2  
  94  8:39  Orbital Command  
  94  8:41  Starport  
  94  8:44  SCV x2  
  96  8:50  Terran Infantry Weapons Level 1  
  96  8:53  Engineering Bay  
  96  8:57  Marauder, Marine x4  
  96  8:58  Marine  
  96  8:59  SCV  
  96  9:00  SCV, Siege Tank  
  108  9:05  SCV  
  109  9:11  Refinery  
  109  9:12  SCV x2  
  109  9:15  Marine x3  
  114  9:18  SCV  
  114  9:19  Starport  
  114  9:20  Medivac  
  117  9:32  Siege Tank  
  117  9:35  Sensor Tower  
  117  9:36  Missile Turret  
  117  9:38  Marauder x2, Marine  
  125  9:50  Terran Vehicle Weapons Level 1  
  125  9:52  Terran Infantry Armor Level 1  
  125  10:00  Marine x2  
  125  10:01  Supply Depot  
  125  10:02  Marine x2, Supply Depot x2  
  125  10:03  Marauder x2  
  108  10:18  Marine  
  108  10:20  Marine  
  110  10:22  Siege Tank  
  110  10:26  Supply Depot  
  110  10:27  Supply Depot x2  
  102  10:50  Supply Depot  
  102  10:53  Marine x2  
  102  10:54  Marauder, Marine, Siege Tank  
  98  11:05  Marine  
  93  11:24  Command Center  
  83  12:03  Command Center  
  83  12:13  Barracks Tech Lab  
  83  12:14  Barracks Tech Lab  
  83  12:15  Marine x2  
Show
View Real Time Build Order
Export as new Build Order

qqq Zerg 

Build Orders: Hatch First 

Get SALT Encoding   

  12  0:00  Drone  
  13  0:17  Drone  
  13  0:18  Overlord  
  14  0:44  Hatchery  
  14  0:48  Drone  
  14  1:06  Spawning Pool  
  13  1:15  Drone  
  13  1:16  Drone  
  15  1:18  Extractor  
  15  1:20  Drone  
  15  1:30  Drone  
  17  1:40  Drone  
  17  1:54  Drone, Queen  
  18  1:56  Zergling x2  
  21  2:02  Zergling x2  
  22  2:10  Queen  
  24  2:16  Zergling x2  
  26  2:22  Zergling x2  
  26  2:26  Metabolic Boost  
  26  2:32  Overlord  
  26  2:40  Zergling x2  
  26  2:41  Drone  
  27  2:50  Drone  
  28  2:52  Overlord  
  28  2:54  Drone  
  29  3:01  Zergling x2  
  30  3:08  Roach Warren  
  29  3:14  Zergling x2  
  29  3:15  Zergling x2  
  29  3:18  Zergling x2  
  32  3:20  Zergling x2  
  32  3:26  Zergling x2  
  34  3:27  Drone  
  34  3:30  Zergling x2  
  34  3:34  Zergling x2  
  37  3:37  Zergling x2  
  32  3:49  Zergling x2  
  32  3:50  Zergling x4  
  32  3:53  Zergling x2  
  25  4:07  Zergling x2  
  25  4:13  Drone  
  26  4:17  Drone  
  26  4:19  Drone  
  26  4:22  Drone  
  29  4:28  Drone  
  29  4:30  Drone  
  31  4:34  Zergling x2  
  31  4:37  Drone  
  33  4:40  Zergling x2  
  34  4:51  Zergling x6  
  38  4:52  Zergling x2  
  38  5:02  Zergling x2  
  38  5:05  Zergling x2  
  38  5:06  Zergling x6  
  37  5:19  Roach  
  37  5:21  Lair, Roach  
  41  5:23  Zergling x2  
  41  5:24  Drone  
  41  5:28  Zergling x2  
  44  5:41  Spore Crawler  
  43  5:43  Overlord  
  43  5:44  Overlord  
  43  5:59  Overlord x2  
  43  6:00  Drone  
  22  6:31  Roach  
  22  6:32  Roach x3  
  30  6:39  Roach  
  32  6:43  Drone  
  32  6:44  Drone x3  
  38  6:49  Drone  
  39  6:55  Drone  
  39  7:00  Drone x2  
  40  7:11  Extractor  
  40  7:12  Extractor  
  40  7:14  Drone  
  40  7:15  Drone x3  
  42  7:23  Drone x2  
  44  7:45  Drone, Spire  
  44  7:46  Hatchery  
  44  7:47  Drone  
  44  7:50  Drone  
  45  7:54  Drone  
  45  7:56  Drone  
  47  7:59  Drone  
  48  8:06  Drone  
  48  8:10  Queen  
  51  8:15  Roach  
  51  8:17  Zergling x2  
  54  8:22  Zergling x2  
  54  8:23  Overlord  
  54  8:26  Drone  
  56  8:30  Overlord  
  56  8:33  Overlord  
  56  8:36  Drone  
  56  8:40  Extractor  
  56  8:41  Overlord  
  56  8:46  Drone  
  57  8:51  Drone  
  58  8:58  Mutalisk x2  
  58  9:02  Infestation Pit  
  61  9:03  Zerg Flyer Weapons Level 1  
  61  9:08  Drone  
  62  9:10  Queen  
  62  9:14  Mutalisk  
  66  9:18  Mutalisk  
  66  9:23  Overlord  
  68  9:26  Mutalisk  
  70  9:32  Drone  
  70  9:33  Drone x2  
  70  9:36  Mutalisk  
  75  9:46  Mutalisk x2  
  75  9:48  Drone  
  75  9:49  Drone x2  
  82  10:02  Mutalisk  
  82  10:04  Zergling x2  
  83  10:09  Drone x2  
  83  10:10  Drone x3  
  86  10:19  Drone  
  87  10:21  Mutalisk x2  
  91  10:40  Mutalisk  
  93  10:49  Mutalisk  
  85  10:56  Drone x2  
  85  10:57  Drone x4  
  86  11:05  Hive  
  80  11:26  Mutalisk x2  
  74  11:49  Spire  
  74  11:50  Roach  
  74  11:51  Roach x3  
  56  12:09  Drone x3  
  56  12:12  Extractor  
  56  12:13  Extractor  
Show
View Real Time Build Order
Export as new Build Order

dawciobiel Terran - Winner!

Build Orders:  

Get SALT Encoding   

  12  0:01  SCV  
  13  0:13  SCV  
  14  0:25  SCV  
  15  0:41  Supply Depot  
  15  1:03  SCV  
  16  1:08  Barracks  
  16  1:15  SCV  
  17  1:18  Refinery  
  17  1:27  SCV  
  17  1:28  Refinery  
  18  1:39  SCV  
  19  1:51  SCV  
  20  2:02  Supply Depot  
  20  2:03  Barracks Tech Lab, SCV  
  21  2:18  Factory  
  21  2:23  Marine  
  21  2:25  Orbital Command  
  22  2:46  Marine, Stimpack  
  23  2:53  Barracks  
  23  2:56  SCV  
  24  3:02  Barracks  
  24  3:06  Starport  
  24  3:07  Factory Reactor  
  24  3:09  Marine  
  25  3:16  SCV  
  26  3:20  Supply Depot  
  26  3:24  Supply Depot  
  26  3:27  Marine  
  27  3:42  Barracks Reactor  
  27  3:45  Marine  
  28  3:50  Barracks Reactor  
  28  3:52  Supply Depot  
  28  3:53  SCV  
  29  3:57  Widow Mine  
  29  3:58  Medivac x2  
  35  4:03  Marine  
  36  4:13  Supply Depot  
  36  4:21  Marine  
  37  4:25  Widow Mine  
  37  4:26  Marine x4  
  37  4:28  Combat Shield  
  43  4:38  Marine  
  43  4:43  Supply Depot  
  44  4:46  Engineering Bay  
  44  5:19  Marine x4  
  48  5:22  Medivac x2  
  48  5:25  Widow Mine  
  48  5:26  Marine  
  55  5:37  Marine x3  
  58  5:47  Marine x2  
  60  5:54  Marine  
  49  6:45  Marine x2  
  49  6:46  SCV  
  52  6:48  Command Center  
  52  6:52  Engineering Bay  
  52  6:58  SCV  
  53  7:10  SCV  
  54  7:21  Siege Tank  
  54  7:22  Marine x3  
  60  7:24  SCV  
  60  7:25  Terran Infantry Armor Level 1, Terran Infantry Weapons Level 1  
  60  7:28  Barracks Reactor  
  61  7:34  Supply Depot  
  61  7:36  SCV  
  62  7:51  Marine x3  
  62  7:53  Liberator x2  
  71  8:06  Armory  
  71  8:09  Orbital Command, SCV  
  72  8:15  Supply Depot  
  72  8:22  SCV  
  73  8:29  Marine  
  73  8:30  Marine x4  
  73  8:34  SCV, Siege Tank  
  79  8:39  Marine  
  79  8:40  SCV  
  84  8:46  SCV  
  85  8:54  Medivac x2  
  89  9:05  SCV  
  89  9:06  SCV  
  89  9:07  Supply Depot  
  91  9:36  Marine x2  
  91  9:37  Marine x3  
  91  9:38  Siege Tank  
  99  9:40  Medivac  
  99  9:41  Medivac  
  103  9:56  SCV x2  
  103  9:58  Refinery x2  
  105  10:08  SCV  
  106  10:19  Command Center  
  93  11:30  Marine  
  93  11:31  Marine  
  74  12:08  Marine x2  
  74  12:09  Marine x4  
  74  12:11  Medivac x2, Siege Tank  
  86  12:26  Marine x5  
Show
View Real Time Build Order
Export as new Build Order

SangSom Zerg - Winner!

Build Orders: Hatch First 

Get SALT Encoding   

  12  0:00  Drone  
  13  0:12  Drone  
  14  0:16  Overlord  
  14  0:34  Drone  
  14  0:35  Drone  
  16  0:53  Extractor  
  16  0:55  Hatchery  
  14  1:07  Spawning Pool  
  14  1:10  Drone  
  14  1:15  Drone  
  14  1:18  Drone  
  16  1:22  Drone  
  17  1:32  Drone  
  18  1:43  Drone  
  19  1:53  Overlord  
  19  1:55  Queen  
  19  1:59  Metabolic Boost  
  21  2:03  Zergling x2  
  21  2:07  Zergling x2  
  23  2:14  Zergling x2  
  24  2:19  Zergling x2  
  25  2:25  Zergling x2  
  25  2:26  Queen  
  25  2:29  Zergling x2  
  29  2:36  Zergling x2  
  30  2:39  Zergling x2  
  31  2:46  Zergling x2  
  31  2:50  Overlord  
  32  2:58  Zergling x2  
  33  3:00  Zergling x2, Baneling Nest  
  33  3:07  Zergling x4  
  33  3:09  Zergling x2  
  33  3:12  Zergling x2  
  37  3:29  Lair  
  37  3:32  Extractor  
  37  3:33  Drone x3  
  39  3:42  Drone x2  
  39  3:46  Drone  
  38  3:49  Drone  
  38  3:53  Drone  
  34  3:56  Drone  
  34  3:58  Drone  
  33  4:03  Drone  
  33  4:05  Drone  
  33  4:08  Zergling x2  
  34  4:15  Zergling x2  
  35  4:21  Zergling x2  
  36  4:26  Zergling x2  
  36  4:28  Baneling x2  
  36  4:29  Zergling x2  
  38  4:37  Zergling x2  
  39  4:39  Baneling  
  39  4:40  Zergling x2  
  39  4:43  Baneling  
  40  4:45  Zergling x2  
  40  4:46  Zergling x4  
  40  4:48  Zergling x2  
  40  4:52  Spine Crawler, Zergling x2  
  40  5:00  Zergling x8  
  40  5:05  Zergling x2  
  40  5:10  Queen  
  40  5:11  Zergling x2  
  39  5:15  Zergling x2  
  39  5:17  Drone x3  
  43  5:26  Drone  
  44  5:37  Overlord  
  44  5:41  Hatchery  
  43  5:43  Drone  
  43  5:44  Overlord  
  43  5:47  Extractor  
  41  6:00  Drone x6  
  41  6:03  Centrifical Hooks  
  47  6:11  Roach Warren  
  46  6:20  Baneling x5  
  46  6:25  Drone x4  
  48  6:26  Drone x2  
  48  6:29  Extractor  
  51  6:38  Overlord  
  51  6:43  Drone x2  
  53  6:50  Glial Reconstitution  
  53  6:52  Roach x2  
  53  6:53  Roach x2  
  61  6:56  Queen  
  61  6:59  Baneling x3  
  61  7:00  Baneling x5  
  63  7:07  Drone x4  
  67  7:08  Drone  
  68  7:27  Overlord x2  
  68  7:28  Drone x5  
  73  7:35  Overlord  
  73  7:57  Drone  
  73  7:58  Drone x5, Hatchery  
  79  8:00  Extractor  
  79  8:02  Extractor  
  76  8:10  Overlord  
  76  8:11  Evolution Chamber x2, Overlord  
  74  8:13  Queen  
  74  8:16  Roach x3  
  74  8:17  Roach x4  
  74  8:19  Drone x2  
  92  8:26  Roach  
  92  8:27  Roach  
  96  8:31  Roach  
  98  8:36  Roach  
  100  8:49  Roach  
  100  8:50  Roach x5  
  100  8:51  Overlord x2  
  112  9:01  Zerg Missile Weapons Level 1, Zerg Ground Armor Level 1  
  112  9:05  Infestation Pit  
  111  9:10  Hydralisk Den  
  111  9:15  Roach x2  
  111  9:16  Roach x6  
  126  9:21  Overlord  
  126  9:22  Roach  
  126  9:23  Roach  
  130  9:29  Roach x2  
  134  9:43  Roach x4  
  134  9:44  Overlord x2  
  142  9:47  Overlord  
  142  9:53  Drone, Overlord  
  142  10:06  Hydralisk x7  
  123  10:08  Roach x2  
  123  10:09  Zergling x2  
  112  10:15  Pneumatized Carapace  
  112  10:18  Hydralisk x3  
  112  10:19  Zergling x2  
  119  10:23  Hydralisk, Muscular Augments  
  119  10:29  Hydralisk x2  
  119  10:32  Hydralisk  
  119  10:34  Zergling x4  
  127  10:37  Drone  
  127  10:43  Hydralisk x2  
  127  10:44  Hydralisk  
  127  10:47  Hydralisk  
  114  10:51  Hydralisk  
  114  10:52  Hydralisk  
  114  10:56  Hydralisk  
  104  10:58  Roach  
  106  11:04  Baneling x4  
  106  11:12  Hydralisk x4  
  114  11:19  Drone  
  114  11:20  Drone x4  
  114  11:24  Zergling x4  
  121  11:34  Grooved Spines  
  121  11:55  Overseer x2  
  121  11:57  Overlord x2  
  121  11:58  Hydralisk x4  
  121  12:01  Baneling x4  
  129  12:02  Zergling x4  
  129  12:04  Zergling x2  
  129  12:05  Zergling x2  
  129  12:06  Zergling x2  
  134  12:09  Drone x2  
  134  12:10  Drone  
  137  12:16  Roach x3  
  137  12:17  Roach  
Tags
 
Add a new tag
Caveats
  • Supply blocks, unpowered buildings, or Contaminate may cause inaccurate times.
  • Supply counts are checked every 10 seconds.